[Event "Titled Tuesday Blitz May 23 Late 2023"]
[White "OPQRC"]
[Black "Sethuraman, S.P."]
[BlackFideId "5021596"]
[WhiteElo "2546"]
[BlackElo "2543"]
[Result "1-0"]
[Round "02"]
[TimeControl "180+2"]
[Date "2023.05.23"]
[WhiteClock "0:00:11"]
[BlackClock "0:00:03"]

1. e4 g6 2. d4 Bg7 3. Nc3 d6 4. Bc4 e6 5. Nf3 Ne7 6. O-O a6 7. Bg5 h6 8. Bh4 Nd7 9. Re1 b5 10. Bb3 Bb7 11. Qe2 O-O 12. Rad1 g5 13. Bg3 Ng6 14. a4 b4 15. Nb1 e5 16. c3 bxc3 17. bxc3 Qe7 18. Nbd2 g4 19. Nh4 Nxh4 20. Qxg4 exd4 21. Bxh4 Nf6 22. Bxf6 Qxf6 23. cxd4 Qxd4 24. Nf3 Qb4 25. Bd5 Bxd5 26. Rxd5 Rae8 27. h3 Re6 28. Re3 c6 29. Rd1 Qxa4 30. Rde1 Qa5 31. e5 dxe5 32. Nh4 Kh8 33. Rd1 Rg8 34. Rg3 e4 35. Nf5 Rg6 36. Qh5 Rxg3 37. fxg3 e3 38. Nxg7 Qxh5 39. Nxh5 a5 40. Ra1 Re8 41. Kf1 e2+ 42. Ke1 Re5 43. Nf4 Kg7 44. Nxe2 h5 45. Kf2 Kg6 46. Nd4 Rc5 47. Ke3 Rc3+ 48. Kf2 Rc4 49. Nf3 Rc5 50. Ke3 Rc3+ 51. Kf4 Rc4+ 52. Ke5 Rc2 53. Rxa5 f6+ 54. Kf4 c5 55. Ke3 Rc3+ 56. Kd2 Rc4 57. Kd3 Rc1 58. Ra4 Kg7 59. Kd2 Rb1 60. Rc4 Rb2+ 61. Rc2 Rb5 62. Kd3 Ra5 63. Ke4 Kg6 64. Kd5 Kg7 65. Rxc5 Ra2 66. Nh4 Re2 67. Kd4 Kh6 68. Kd3 Re1 69. Rf5 Kg7 70. Kd2 Ra1 71. Ke3 Ra2 72. Kf3 Ra3+ 73. Kf2 Ra2+ 74. Kg1 Ra1+ 75. Kh2 Ra2 76. Rxh5 1-0


[Site "https://www.chess.com"]

[Event "Titled Tuesday Blitz May 23 Late 2023"]
[White "Makridis, Dimitrios"]
[Black "Bernabeu Lopez, Carlos Javier"]
[WhiteFideId "25864475"]
[BlackFideId "2235366"]
[WhiteElo "2277"]
[BlackElo "2344"]
[Result "0-1"]
[Round "02"]
[TimeControl "180+2"]
[Date "2023.05.23"]
[WhiteClock "0:00:11"]
[BlackClock "0:00:40"]

1. e4 e5 2. d4 exd4 3. c3 d3 4. Bxd3 Nc6 5. f4 Bc5 6. Nf3 d6 7. Qe2 Nge7 8. a4 a5 9. Be3 Bxe3 10. Qxe3 O-O 11. O-O f5 12. Nbd2 fxe4 13. Nxe4 Nd5 14. Bc4 Be6 15. Bxd5 Bxd5 16. Rad1 Bxe4 17. Qxe4 Qe8 18. Qc4+ Qf7 19. Qb5 Rab8 20. Ng5 Qf5 21. Rd5 Qd7 22. Qd3 g6 23. f5 Qe7 24. fxg6 Rxf1+ 25. Kxf1 Rf8+ 26. Nf3 Ne5 27. gxh7+ Kh8 28. Qd4 Qg7 29. Kf2 b6 30. h3 Qg6 31. Kg1 Rxf3 32. Kh1 Rf7 33. Qe3 Rg7 34. Rd2 Kxh7 35. b4 Qg5 36. Qe4+ Qg6 37. Qd4 Rf7 38. bxa5 bxa5 39. Kh2 Qf6 40. Qe4+ Qf5 41. Qd4 Qf4+ 42. Qxf4 Rxf4 43. Rd5 Rxa4 44. c4 Nxc4 45. g4 Ne5 46. Kg3 Kg6 47. h4 Rxg4+ 48. Kh3 Ra4 49. Rb5 c5 50. Rb8 Rd4 51. Rg8+ Kf7 52. Rg1 c4 53. h5 Rd3+ 54. Kh4 Nf3+ 55. Kg4 Nxg1 56. h6 Rh3 57. Kg5 c3 58. h7 c2 59. Kf5 c1=Q 60. h8=Q Qc2+ 61. Kg5 Rxh8 62. Kg4 Qg6+ 63. Kf4 Rh4+ 64. Ke3 Qg3+ 65. Kd2 Rd4+ 66. Kc2 Qd3+ 67. Kb2 Rb4+ 68. Ka2 Qb1+ 0-1


[Site "https://www.chess.com"]

[Event "Titled Tuesday Blitz May 23 Late 2023"]
[White "Tologon tegin, Semetei"]
[Black "Sieciechowicz, Marcin"]
[WhiteFideId "13800574"]
[BlackFideId "1130170"]
[WhiteElo "2247"]
[BlackElo "2302"]
[Result "0-1"]
[Round "02"]
[TimeControl "180+2"]
[Date "2023.05.23"]
[WhiteClock "0:00:00"]
[BlackClock "0:00:15"]

1. d4 d5 2. Nc3 Nf6 3. Bf4 e6 4. Nb5 Na6 5. e3 Be7 6. a3 O-O 7. Nf3 c6 8. Nc3 c5 9. Bd3 c4 10. Be2 Bd7 11. O-O b5 12. Ne5 Be8 13. Bf3 Nc7 14. e4 a5 15. exd5 exd5 16. Re1 Ne6 17. Bg3 Ng5 18. Bh4 h6 19. Ng4 Nxg4 20. Bxg4 Bc6 21. Bg3 b4 22. axb4 Bxb4 23. Qd2 Ne4 24. Qe3 f5 25. Nxe4 Bxe1 26. Nc5 Re8 27. Qf4 fxg4 28. Qxg4 Qf6 29. Be5 Qxf2+ 0-1


[Site "https://www.chess.com"]

[Event "Titled Tuesday Blitz May 23 Late 2023"]
[White "Riehle, Marco"]
[Black "Fiorito, Francisco"]
[WhiteFideId "12904392"]
[BlackFideId "180165"]
[WhiteElo "2462"]
[BlackElo "2341"]
[Result "1-0"]
[Round "02"]
[TimeControl "180+2"]
[Date "2023.05.23"]
[WhiteClock "0:00:05"]
[BlackClock "0:00:04"]

1. e4 c5 2. a3 Nc6 3. b4 cxb4 4. axb4 Nxb4 5. d4 d5 6. c3 Nc6 7. exd5 Qxd5 8. Na3 Qd8 9. d5 Ne5 10. Bf4 Ng6 11. Bg3 e5 12. Nb5 Bd6 13. Qa4 Kf8 14. Nf3 N8e7 15. Bc4 Bd7 16. Qb3 Bxb5 17. Qxb5 Qc7 18. O-O a6 19. Qb3 Rc8 20. Be2 Nf5 21. c4 Nxg3 22. hxg3 Ke7 23. Rfe1 Nf8 24. Bd3 Nd7 25. Nd4 g6 26. Qb2 Rhe8 27. Nf3 Kf8 28. Qd2 Kg7 29. Nh4 f6 30. Qc2 Nf8 31. Re4 Qd7 32. Rb1 f5 33. Ree1 e4 34. Bf1 Be5 35. f4 Bd4+ 36. Kh2 Qc7 37. Qb3 b6 38. Red1 Bc5 39. Ra1 a5 40. Be2 Nd7 41. Qc3+ Nf6 42. Rdb1 Qd6 43. Bd1 Re7 44. Ba4 Rec7 45. Bc6 Kf7 46. Rf1 Ng4+ 47. Kh1 Qe7 48. Ra2 Qf6 49. Qd2 Ke7 50. Rb2 Kd6 51. Rbb1 Qd4 52. Qxd4 Bxd4 53. Rbc1 Kc5 54. Bb5 Bf6 55. Rcd1 e3 56. Rde1 Kd6 57. Nf3 Bc3 58. Re2 Re7 59. Rc1 Bb4 60. Kg1 Bc5 61. Kf1 Re4 62. Kg1 h6 63. Nh2 Nf2 64. Nf3 Nd3 65. Rd1 Nb4 66. Kh2 Rg8 67. Kh3 g5 68. fxg5 hxg5 69. Kh2 Rh8+ 70. Kg1 Rg8 71. Kh2 f4 72. g4 Rg7 73. Rh1 Rh7+ 74. Kg1 Rxh1+ 75. Kxh1 Re5 76. Nxe5 Kxe5 77. Kh2 Bd6 78. Kg1 Nd3 79. Kf1 Kd4 80. Ra2 Nc5 81. Ke2 Kc3 82. Ra1 Ne4 83. Rc1+ Kb2 84. Re1 Bb4 85. Rg1 Kc2 86. Kf3 Kd3 87. c5+ Kd4 88. cxb6 Nd2+ 89. Ke2 Kxd5 90. b7 Bd6 91. Rh1 Kc5 92. Bd3 Kb6 93. Rh6 Kxb7 94. Rxd6 a4 95. Ra6 Nb3 96. Bc4 Nc5 97. Ra5 Kb6 98. Rb5+ Kc6 99. Rb1 Ne4 100. Rc1 Ng3+ 101. Kd3 Kc5 102. Bf7+ Kb4 103. Rb1+ Ka3 104. Kc3 Ne2+ 105. Kd3 Ng3 106. Kc2 Ne2 107. Bc4 Nd4+ 108. Kd3 Nc6 109. Rc1 Ne5+ 110. Ke2 Nd7 111. Be6 Ne5 112. Rc3+ Kb2 113. Rc5 Ng6 114. Rxg5 Nh4 115. Rb5+ Kc3 116. g5 Nxg2 117. g6 Nh4 118. g7 Kd4 119. g8=Q f3+ 120. Kd1 e2+ 121. Kd2 Ng2 122. Qg4+ Nf4 123. Qxf4# 1-0


[Site "https://www.chess.com"]

[Event "Titled Tuesday Blitz May 23 Late 2023"]
[White "Osmak, Yuliia"]
[Black "Rozman, Levy"]
[WhiteFideId "14101602"]
[BlackFideId "2039877"]
[WhiteElo "2303"]
[BlackElo "2376"]
[Result "0-1"]
[Round "02"]
[TimeControl "180+2"]
[Date "2023.05.23"]
[WhiteClock "0:00:43"]
[BlackClock "0:01:27"]

1. c4 g6 2. Nc3 Bg7 3. e4 d6 4. d4 Nc6 5. Be3 e5 6. d5 Nd4 7. Nge2 Nxe2 8. Bxe2 f5 9. exf5 gxf5 10. Bh5+ Kf8 11. f4 e4 12. Qd2 Qh4+ 13. g3 Qxh5 14. Nb5 Qf7 15. O-O-O a6 16. Nd4 h5 17. h3 Nh6 18. c5 Qxd5 19. cxd6 cxd6 20. Qb4 Qxa2 21. Qxd6+ Kg8 22. g4 Nf7 23. Qe7 hxg4 24. hxg4 Rxh1 25. Qe8+ Bf8 26. Rxh1 Qa1+ 27. Kc2 Qxh1 0-1


[Site "https://www.chess.com"]

[Event "Titled Tuesday Blitz May 23 Late 2023"]
[White "Paichadze, Luka"]
[Black "Martic, Ivan"]
[WhiteFideId "13602934"]
[BlackFideId "929301"]
[WhiteElo "2540"]
[BlackElo "2360"]
[Result "1-0"]
[Round "02"]
[TimeControl "180+2"]
[Date "2023.05.23"]
[WhiteClock "0:00:38"]
[BlackClock "0:01:29"]

1. e4 c5 2. Nf3 e6 3. c3 d5 4. e5 Nc6 5. d4 Qb6 6. Bd3 Bd7 7. dxc5 Bxc5 8. Qe2 a5 9. Nbd2 a4 10. b4 axb3 11. Nxb3 Be7 12. O-O Nh6 13. Bxh6 gxh6 14. Qd2 Bf8 15. Rfe1 Bg7 16. Nbd4 Nxd4 17. cxd4 O-O 18. Bb1 f5 19. exf6 Rxf6 20. Ne5 Be8 21. Bc2 Ra3 22. Bb3 Rf5 23. Rac1 Bxe5 24. Rxe5 Rxe5 25. dxe5 Kg7 26. Qf4 Qd8 27. Qb4 Ra6 28. Qxb7+ Bf7 29. Qxa6 Qg5 30. Re1 Qd2 31. Qe2 1-0


[Site "https://www.chess.com"]

[Event "Titled Tuesday Blitz May 23 Late 2023"]
[White "Guerra Tulcan, Lenin"]
[Black "Hasangatin, Ramil"]
[WhiteFideId "3601382"]
[BlackFideId "4122160"]
[WhiteElo "2368"]
[BlackElo "2279"]
[Result "1/2-1/2"]
[Round "02"]
[TimeControl "180+2"]
[Date "2023.05.23"]
[WhiteClock "0:00:19"]
[BlackClock "0:00:09"]

1. e4 d6 2. d4 Nf6 3. Nc3 e5 4. Nf3 Nbd7 5. dxe5 dxe5 6. Be2 Bb4 7. Bd3 O-O 8. O-O c6 9. Bd2 Re8 10. a3 Bf8 11. b4 Qc7 12. Ne2 Nh5 13. Ng3 Nf4 14. Bc3 Nxd3 15. Qxd3 Nb6 16. Rad1 f6 17. h3 Be6 18. Rfe1 Rad8 19. Qe3 Nc4 20. Qc1 a5 21. Nd2 axb4 22. axb4 Qb6 23. Nxc4 Bxc4 24. Qb2 Rxd1 25. Rxd1 Rd8 26. Rxd8 Qxd8 27. Qc1 Qd7 28. Qd2 Qxd2 29. Bxd2 Kf7 30. Nf1 Ke6 31. Ne3 Ba6 32. c4 g6 33. g4 Bh6 34. Kf1 Bf4 35. Ke2 b6 36. Kd3 Bg5 37. Nf1 Bxd2 38. Nxd2 f5 39. f3 Kf6 40. gxf5 gxf5 41. exf5 Kxf5 42. Ke3 h6 43. Ne4 Kg6 44. Nd6 Kh5 45. b5 cxb5 46. cxb5 Bxb5 47. Nxb5 Kh4 48. Ke4 Kxh3 49. Kxe5 Kg3 50. f4 h5 51. f5 h4 52. f6 h3 53. f7 h2 54. f8=Q h1=Q 55. Qf4+ Kg2 56. Qe4+ Kh2 57. Qxh1+ Kxh1 58. Kd6 Kg2 59. Kc6 Kf3 60. Kxb6 1/2-1/2


[Site "https://www.chess.com"]

[Event "Titled Tuesday Blitz May 23 Late 2023"]
[White "Holt, Conrad"]
[Black "Richter, Paul"]
[WhiteFideId "2034387"]
[BlackFideId "2046350"]
[WhiteElo "2592"]
[BlackElo "2529"]
[Result "1-0"]
[Round "02"]
[TimeControl "180+2"]
[Date "2023.05.23"]
[WhiteClock "0:00:28"]
[BlackClock "0:00:00"]

1. d4 Nf6 2. c4 g6 3. Nc3 Bg7 4. e4 d6 5. Nf3 O-O 6. h3 Na6 7. Bg5 h6 8. Be3 e5 9. d5 Nc5 10. Nd2 a5 11. Be2 Nh7 12. Nb3 b6 13. Nxc5 bxc5 14. Qd2 Rb8 15. O-O-O h5 16. g4 h4 17. Nb5 Ra8 18. Rhg1 a4 19. g5 f5 20. gxf6 Rxf6 21. Bg4 Bxg4 22. Rxg4 Qe7 23. Rdg1 Nf8 24. Rxh4 Qd7 25. Rhg4 Rf3 26. h4 Rf7 27. h5 gxh5 28. Rh4 Nh7 29. Rxh5 Raf8 30. Bh6 Kh8 31. Rgh1 Kg8 32. Qd1 Qe7 33. Qg4 Qf6 34. Be3 1-0


[Site "https://www.chess.com"]

[Event "Titled Tuesday Blitz May 23 Late 2023"]
[White "Kuznetsov, Felix"]
[Black "Safin, Robert"]
[WhiteFideId "34147990"]
[BlackFideId "34189120"]
[WhiteElo "2281"]
[BlackElo "2295"]
[Result "0-1"]
[Round "02"]
[TimeControl "180+2"]
[Date "2023.05.23"]
[WhiteClock "0:00:01"]
[BlackClock "0:00:04"]

1. f4 c6 2. Nf3 d5 3. g3 h5 4. Bg2 Bg4 5. d3 Nd7 6. O-O Ngf6 7. Nc3 e6 8. h3 Bd6 9. hxg4 hxg4 10. Ng5 Nh5 11. Qe1 Qe7 12. Bd2 f6 13. Nge4 dxe4 14. Nxe4 Bc7 15. Be3 Bb6 16. Bxb6 Nxb6 17. c4 Nd7 18. b4 e5 19. fxe5 Nxe5 20. c5 O-O 21. Nd6 Rad8 22. Nf5 Qd7 23. Be4 Rfe8 24. Kg2 g6 25. Nd6 Re6 26. d4 Nf7 27. Bxg6 Nxd6 28. Bxh5 Nc4 29. e4 Qxd4 30. Rf4 f5 31. Qe2 Ne3+ 32. Kh1 Qxa1+ 33. Kh2 Qc3 34. exf5 Rd2 35. Bxg4 Rxe2+ 36. Bxe2 Nxf5 37. Bc4 Ng7 38. Re4 Qc2+ 39. Re2 Qxc4 0-1


[Site "https://www.chess.com"]

[Event "Titled Tuesday Blitz May 23 Late 2023"]
[White "Taboas Rodriguez, Daniel"]
[Black "Yanchenko, Roman"]
[WhiteFideId "2208466"]
[BlackFideId "4137329"]
[WhiteElo "2365"]
[BlackElo "2491"]
[Result "1-0"]
[Round "02"]
[TimeControl "180+2"]
[Date "2023.05.23"]
[WhiteClock "0:01:19"]
[BlackClock "0:01:04"]

1. d4 d5 2. Nf3 Nf6 3. c4 c6 4. cxd5 cxd5 5. Nc3 Nc6 6. Bf4 e6 7. e3 Bd6 8. Bg3 O-O 9. Bd3 h6 10. Rc1 Bxg3 11. hxg3 Bd7 12. Ne5 Nxe5 13. dxe5 Ne8 14. Qg4 f5 15. exf6 Qxf6 16. O-O Nd6 17. Nxd5 exd5 18. Qxd7 Rf7 19. Qg4 Raf8 20. Qg6 Qxg6 21. Bxg6 Rf6 22. Bd3 R8f7 23. Rc5 b6 24. Rxd5 Rc7 25. e4 Nb7 26. e5 Rfc6 27. b3 Kf8 28. f4 Rc3 29. g4 Nc5 30. Bg6 Ke7 31. f5 Rc6 32. Rfd1 Rc7 33. Rd8 Nd7 34. Re8# 1-0


[Site "https://www.chess.com"]

[Event "Titled Tuesday Blitz May 23 Late 2023"]
[White "Ezat, Mohamed"]
[Black "Schmakel, Sam"]
[WhiteFideId "10600906"]
[BlackFideId "2039311"]
[WhiteElo "2386"]
[BlackElo "2356"]
[Result "0-1"]
[Round "02"]
[TimeControl "180+2"]
[Date "2023.05.23"]
[WhiteClock "0:00:00"]
[BlackClock "0:00:08"]

1. d4 d5 2. c4 e6 3. Nc3 Nf6 4. cxd5 exd5 5. Bg5 c6 6. Qc2 Be7 7. e3 O-O 8. Bd3 h6 9. Bf4 a5 10. Nge2 Na6 11. a3 Nc7 12. O-O Ne6 13. Bg3 b5 14. Nf4 Nxf4 15. Bxf4 Be6 16. Ne2 Qb6 17. Ng3 c5 18. dxc5 Bxc5 19. Nf5 Rac8 20. Qe2 b4 21. axb4 Bxb4 22. Be5 Qd8 23. Nd4 Nd7 24. Bg3 Nc5 25. Bc2 Qf6 26. Rfd1 Bd7 27. Qh5 Rfd8 28. Bh4 g5 29. Bg3 Ne4 30. Bb3 Be6 31. Rac1 Bd2 32. Rxc8 Rxc8 33. Qe2 Bb4 34. Qa6 Nc5 35. Qb5 Nxb3 36. Nxb3 Qxb2 37. Nd4 Rc1 38. Qf1 Rxd1 39. Qxd1 a4 40. Be5 a3 41. Nxe6 Qxe5 42. Nd4 Qc7 0-1


[Site "https://www.chess.com"]

[Event "Titled Tuesday Blitz May 23 Late 2023"]
[White "Musovic, Armin"]
[Black "Papasimakopoulos, Alexandros"]
[WhiteFideId "939935"]
[BlackFideId "4244125"]
[WhiteElo "2322"]
[BlackElo "2359"]
[Result "1/2-1/2"]
[Round "02"]
[TimeControl "180+2"]
[Date "2023.05.23"]
[WhiteClock "0:00:12"]
[BlackClock "0:00:11"]

1. a3 e5 2. d4 exd4 3. Qxd4 Nc6 4. Qa4 d5 5. Nf3 Nf6 6. Bg5 Be7 7. Nc3 Bd7 8. O-O-O Ne5 9. Qb3 Nxf3 10. exf3 c6 11. Bd3 O-O 12. Rhe1 Be6 13. Qa4 Nd7 14. Bxh7+ Kh8 15. Bxe7 Qxe7 16. Bd3 Nc5 17. Qf4 Rfe8 18. Re5 Nxd3+ 19. Rxd3 Qf6 20. Rh5+ Kg8 21. Qxf6 gxf6 22. Rh4 Kg7 23. f4 f5 24. Rg3+ Kf6 25. Rh6+ Ke7 26. Nd1 Rh8 27. Rxh8 Rxh8 28. h3 Rh4 29. Rf3 d4 30. b4 Bd5 31. g3 Bxf3 32. gxh4 Kf6 33. Nb2 Kg6 34. Nd3 Kh5 35. Nc5 Kxh4 36. Nxb7 Kxh3 37. Kd2 Be4 38. Nc5 Kg4 39. Nb3 Kxf4 40. Nxd4 Ke5 41. c3 Kd5 42. f3 Bb1 43. Kc1 Bd3 44. Kd2 Bf1 45. Nxf5 Bh3 46. Ne3+ Ke5 47. c4 Kd4 48. b5 c5 49. a4 Bc8 50. a5 f5 51. f4 Ke4 52. b6 axb6 53. axb6 Kxf4 54. Kd3 Ke5 55. Nd5 Bb7 56. Nc7 Kd6 57. Nd5 Kc6 58. Ne7+ Kxb6 59. Nxf5 Bc8 60. Ng3 Kc6 61. Kc3 Bb7 62. Ne4 Kb6 63. Nxc5 Kxc5 64. Kd2 Ba6 65. Ke3 Bxc4 1/2-1/2


[Site "https://www.chess.com"]

[Event "Titled Tuesday Blitz May 23 Late 2023"]
[White "Boyer, Mahel"]
[Black "Prem, Pranav"]
[WhiteFideId "45102422"]
[BlackFideId "30901057"]
[WhiteElo "2439"]
[BlackElo "1970"]
[Result "0-1"]
[Round "02"]
[TimeControl "180+2"]
[Date "2023.05.23"]
[WhiteClock "0:00:02"]
[BlackClock "0:00:09"]

1. Nf3 d5 2. g3 Nf6 3. Bg2 c5 4. O-O Nc6 5. d4 e6 6. c4 Be7 7. Nc3 O-O 8. dxc5 d4 9. Na4 e5 10. b4 e4 11. Ng5 Nxb4 12. Nxe4 Bf5 13. Nxf6+ Bxf6 14. Bd2 Bc2 15. Qc1 Bxa4 16. Bxb4 d3 17. Rb1 dxe2 18. Re1 Re8 19. Bxb7 Rb8 20. Bf3 Qd3 21. Kg2 Bc2 22. c6 Bxb1 23. c7 Rxb4 24. Rxe2 Rf8 25. Re1 Rxc4 26. Qxb1 Qxb1 27. Rxb1 Rxc7 28. Rb4 g6 29. Ra4 Rd8 30. Be2 Rd2 31. Bc4 Bd4 32. Kh3 Bxf2 33. Bb3 Bg1 34. Kg4 Bxh2 35. Kg5 Kg7 36. g4 Bg3 37. Ra6 h6# 0-1


[Site "https://www.chess.com"]

[Event "Titled Tuesday Blitz May 23 Late 2023"]
[White "Csonka, Balazs"]
[Black "Bruedigam, Martin"]
[WhiteFideId "742910"]
[BlackFideId "24608033"]
[WhiteElo "2404"]
[BlackElo "2331"]
[Result "1/2-1/2"]
[Round "02"]
[TimeControl "180+2"]
[Date "2023.05.23"]
[WhiteClock "0:00:02"]
[BlackClock "0:00:15"]

1. e4 c6 2. d4 d5 3. exd5 cxd5 4. c4 Nf6 5. Nc3 e6 6. Nf3 Bb4 7. Bd3 dxc4 8. Bxc4 O-O 9. O-O Nc6 10. Bg5 Be7 11. a3 Nd5 12. Bxd5 Bxg5 13. Bxc6 bxc6 14. Qa4 Bf6 15. Rac1 Qb6 16. Ne4 Be7 17. b4 Ba6 18. Rxc6 Bxf1 19. Rxb6 axb6 20. Qd7 Bd3 21. Qxe7 Bxe4 22. b5 Rfc8 23. h4 Bxf3 24. gxf3 h5 25. Kg2 g6 26. Qd6 Rab8 27. Kg3 Rd8 28. Qc7 Rdc8 29. Qd6 Rd8 30. Qc7 Rdc8 31. Qd6 1/2-1/2


[Site "https://www.chess.com"]

[Event "Titled Tuesday Blitz May 23 Late 2023"]
[White "Jaracz, Pawel"]
[Black "Meunier-Pion, Jean"]
[WhiteFideId "1102222"]
[BlackFideId "20685327"]
[WhiteElo "2438"]
[BlackElo "2124"]
[Result "1-0"]
[Round "02"]
[TimeControl "180+2"]
[Date "2023.05.23"]
[WhiteClock "0:00:12"]
[BlackClock "0:00:00"]

1. d4 Nf6 2. c4 e6 3. g3 d5 4. Bg2 Be7 5. Nf3 O-O 6. Qc2 c6 7. O-O Nbd7 8. b3 b6 9. Bb2 Bb7 10. Ne5 Rc8 11. Nc3 Qc7 12. Rad1 Rfd8 13. e4 Qb8 14. Qe2 dxc4 15. Nxc4 b5 16. Ne3 e5 17. Nf5 Bf8 18. dxe5 Nxe5 19. f4 Rxd1 20. Nxd1 Ned7 21. e5 Nd5 22. e6 N7f6 23. e7 Re8 24. exf8=Q+ Kxf8 25. Qd3 a5 26. Bd4 Qc7 27. Bc5+ Kg8 28. Nd6 Rd8 29. Nxb7 Qxb7 30. Ne3 Qc7 31. Rd1 h6 32. h3 b4 33. Kh2 Re8 34. Nxd5 Nxd5 35. Bxd5 cxd5 36. Bd4 Qe7 37. Rd2 Qe1 38. Bf2 Qc1 39. Qxd5 Qa1 40. Qd3 Rc8 41. Re2 g6 42. Bd4 Qc1 43. Qe3 Qc6 44. Qe5 1-0


[Site "https://www.chess.com"]

[Event "Titled Tuesday Blitz May 23 Late 2023"]
[White "Kushko, Dmitriy"]
[Black "Reprintsev, Alexander"]
[WhiteFideId "14162261"]
[BlackFideId "14100541"]
[WhiteElo "2230"]
[BlackElo "2218"]
[Result "0-1"]
[Round "02"]
[TimeControl "180+2"]
[Date "2023.05.23"]
[WhiteClock "0:00:00"]
[BlackClock "0:00:18"]

1. Nf3 Nc6 2. d4 d5 3. g3 Bf5 4. Bg2 Nb4 5. Na3 e6 6. O-O h6 7. Ne5 Nf6 8. c3 Nc6 9. Qa4 Be7 10. c4 O-O 11. Nxc6 bxc6 12. Qxc6 Bxa3 13. bxa3 Rb8 14. Bf4 Rb6 15. Qa4 Qb8 16. Rfc1 Rc8 17. cxd5 exd5 18. h3 Qb7 19. Qa5 c6 20. Be5 Ne4 21. f3 Ra6 22. Qb4 Rb6 23. Qe1 Ng5 24. g4 Bh7 25. Rc3 f6 26. Bd6 Ne6 27. e3 Rb2 28. Bf1 f5 29. Qg3 fxg4 30. Qxg4 Qf7 31. h4 Bf5 32. Qg3 Bg6 33. Rac1 Rb1 34. Rxb1 Bxb1 35. Ba6 Re8 36. Rxc6 Bxa2 37. Be5 Bb1 38. Bc8 Bf5 39. e4 dxe4 40. fxe4 Nxd4 41. Bxf5 Ne2+ 42. Kh2 Nxg3 43. Bxg3 Qa2+ 44. Kh3 Qxa3 45. Rg6 Kh8 46. h5 a5 47. e5 Qe3 48. e6 a4 0-1


[Site "https://www.chess.com"]

[Event "Titled Tuesday Blitz May 23 Late 2023"]
[White "Chos, Alexey"]
[Black "Matinian, Nikita"]
[WhiteFideId "14117762"]
[BlackFideId "24129100"]
[WhiteElo "2234"]
[BlackElo "2422"]
[Result "1-0"]
[Round "02"]
[TimeControl "180+2"]
[Date "2023.05.23"]
[WhiteClock "0:00:05"]
[BlackClock "0:00:04"]

1. b3 e5 2. Bb2 Nc6 3. g3 d5 4. Bg2 Be6 5. e3 Qd7 6. h3 O-O-O 7. Ne2 h5 8. d4 Bb4+ 9. Nd2 Nf6 10. a3 Bxd2+ 11. Qxd2 Ne4 12. Qd1 f6 13. c4 h4 14. g4 Ng5 15. Qc2 dxc4 16. bxc4 exd4 17. exd4 Bxg4 18. hxg4 Qxg4 19. Bxc6 bxc6 20. O-O-O Rde8 21. Nc3 h3 22. Qa4 Qf3 23. d5 Ne4 24. Qa6+ Kd8 25. dxc6+ Nd6 26. Rxd6+ cxd6 27. Rd1 Ke7 28. Nd5+ Kf8 29. c7 h2 30. c8=Q Qxd1+ 31. Kxd1 h1=Q+ 32. Kc2 Qe4+ 33. Kb3 Rxc8 34. Qxc8+ Qe8 35. Qc7 Rh3+ 36. Ka2 Kg8 37. Qxd6 Qe4 38. Qc5 Qf3 39. Qb4 Kh7 40. Nc3 Qf5 41. c5 Qe6+ 42. Qb3 Qc6 43. Qc4 Rh5 44. Qd3+ g6 45. Ne4 Qd5+ 46. Qxd5 Rxd5 47. Nxf6+ Kh6 48. Nxd5 g5 49. c6 Kg6 50. c7 Kf5 51. c8=Q+ 1-0


[Site "https://www.chess.com"]

[Event "Titled Tuesday Blitz May 23 Late 2023"]
[White "Nazari, Arad"]
[Black "Samani, Yamac"]
[WhiteFideId "12577324"]
[BlackFideId "6352634"]
[WhiteElo "2175"]
[BlackElo "2267"]
[Result "1-0"]
[Round "02"]
[TimeControl "180+2"]
[Date "2023.05.23"]
[WhiteClock "0:00:05"]
[BlackClock "0:00:00"]

1. e4 g6 2. d4 Bg7 3. Nc3 c6 4. Be3 d5 5. Qd2 dxe4 6. Nxe4 Nf6 7. Nxf6+ exf6 8. O-O-O Be6 9. Kb1 O-O 10. h4 h5 11. f3 f5 12. Ne2 Nd7 13. Nf4 Nb6 14. g4 fxg4 15. Nxe6 fxe6 16. fxg4 Qd5 17. Bd3 hxg4 18. Bh6 Qxd4 19. Bxg7 Qxg7 20. h5 g5 21. Qe2 Rf6 22. Qxg4 Nd5 23. Rdg1 Raf8 24. a3 Kh8 25. h6 Rxh6 26. Qxe6 Rf6 27. Qe8+ Rf8 28. Qe4 Rf4 29. Rxh6+ Qxh6 30. Qe5+ Qf6 31. Rh1+ Rh4 32. Qe8+ Kg7 33. Re1 Qf7 34. Qe5+ Qf6 35. Qe8 Qf7 36. Qb8 Nf6 37. Qe5 Rg4 38. Rf1 Qf8 39. Qf5 1-0


[Site "https://www.chess.com"]

[Event "Titled Tuesday Blitz May 23 Late 2023"]
[White "Volkov, Maksim"]
[Black "cristianserban1"]
[WhiteFideId "54123070"]
[WhiteElo "2297"]
[BlackElo "2476"]
[Result "0-1"]
[Round "02"]
[TimeControl "180+2"]
[Date "2023.05.23"]
[WhiteClock "0:00:00"]
[BlackClock "0:00:09"]

1. d4 d5 2. c4 e6 3. Nf3 c6 4. g3 dxc4 5. Bg2 Bb4+ 6. Bd2 a5 7. Qc2 Bxd2+ 8. Qxd2 b5 9. a4 Nf6 10. axb5 cxb5 11. Qg5 O-O 12. Qxb5 Ba6 13. Qa4 Qb6 14. O-O Qxb2 15. Nbd2 Qb4 16. Ne5 Qxa4 17. Rxa4 Ra7 18. Rxa5 Rc7 19. Rc1 c3 20. Nb1 c2 21. Na3 Bxe2 22. Rxc2 Rxc2 23. Nxc2 Nbd7 24. Nc6 g6 25. N2b4 h5 26. f4 Kg7 27. Kf2 Bc4 28. h3 Nb6 29. Rc5 Rc8 30. Ne5 Bb3 31. Nbc6 Bd5 32. Rb5 Bxg2 33. Kxg2 Nbd5 34. Rb7 Rc7 35. Rb5 Nd7 36. Nxd7 Rxd7 37. Kf3 Rc7 38. Rc5 Ne7 39. Ne5 Ra7 40. Nd3 Nf5 41. d5 Ra3 0-1


[Site "https://www.chess.com"]

[Event "Titled Tuesday Blitz May 23 Late 2023"]
[White "ArrestingPieces"]
[Black "Dimitrov, Atanas"]
[BlackFideId "2901315"]
[WhiteElo "2475"]
[BlackElo "2719"]
[Result "1/2-1/2"]
[Round "02"]
[TimeControl "180+2"]
[Date "2023.05.23"]
[WhiteClock "0:00:05"]
[BlackClock "0:00:06"]

1. d4 Nf6 2. Nf3 g6 3. Nc3 d5 4. Bf4 Bg7 5. Nb5 Na6 6. e3 c6 7. Nc3 Nc7 8. h3 O-O 9. Be2 Bf5 10. O-O Ne4 11. Nxe4 Bxe4 12. Nd2 Bf5 13. Bh2 c5 14. c3 Rc8 15. g4 Bd7 16. f4 cxd4 17. exd4 Nb5 18. Bd3 Nd6 19. Qe2 Qb6 20. Nf3 Ne4 21. Ne5 Bc6 22. f5 f6 23. Nxc6 Qxc6 24. Bxe4 dxe4 25. Rae1 gxf5 26. gxf5 Kh8 27. Qxe4 Qb6 28. Rf2 Bh6 29. Kh1 Rg8 30. Rg1 Rxg1+ 31. Bxg1 Rg8 32. Bh2 Rg7 33. Rg2 Rxg2 34. Qxg2 Qa6 35. a3 Qd3 36. Bg3 Bc1 37. Kh2 Qb5 38. b4 Bxa3 39. Qe4 Qd7 40. d5 Bc1 41. Bf2 Qd6+ 42. Kg2 b6 43. Bd4 Bh6 44. Qe6 Kg7 45. Qxd6 exd6 46. b5 Kf7 47. c4 Bd2 48. Kf3 Bb4 49. Ke4 Ke7 50. Be3 Kf7 51. Bf4 Ke7 52. Kf3 Bc5 53. Kg4 Kf7 54. Kh5 Kg7 55. Bh6+ Kf7 56. Bd2 Kg7 57. Bc3 Be3 58. Kg4 Bc5 59. Kf3 Kf7 60. Bd2 Kg7 61. Kg4 Kf7 62. Be1 Kg7 63. Bg3 Bb4 64. Bf4 Bc5 65. Bd2 Ba3 66. Bc3 Bc5 67. Bb2 Bb4 68. h4 Bc5 69. Kh5 Bb4 70. Bd4 Ba3 71. Be3 Bb4 72. Kg4 Ba3 73. Kf3 Bb4 74. Ke2 Bc3 75. Kd3 Be5 76. Kc2 Kf7 77. Kb3 Kg7 78. Ka4 Kf7 79. Kb4 Bg3 80. h5 Be1+ 81. Kb3 Bg3 82. Kc2 Be5 83. Kd3 Kg7 84. Ke4 Kf7 85. Kf3 Kg7 86. Ke4 1/2-1/2


[Site "https://www.chess.com"]

[Event "Titled Tuesday Blitz May 23 Late 2023"]
[White "Badmatsyrenov, Oleg"]
[Black "Trifan, Andrei Ioan"]
[WhiteFideId "24115762"]
[BlackFideId "12967068"]
[WhiteElo "2396"]
[BlackElo "2208"]
[Result "1-0"]
[Round "02"]
[TimeControl "180+2"]
[Date "2023.05.23"]
[WhiteClock "0:00:29"]
[BlackClock "0:00:19"]

1. e4 e5 2. Nc3 Nf6 3. f4 d5 4. Qe2 d4 5. fxe5 dxc3 6. exf6 cxd2+ 7. Bxd2 Qxf6 8. O-O-O Be7 9. Nf3 O-O 10. Bc3 Qh6+ 11. Kb1 Be6 12. g4 Nc6 13. g5 Qh5 14. Qe3 Rad8 15. Be2 Rxd1+ 16. Rxd1 Rd8 17. Rg1 Qh3 18. Rg3 Qh5 19. h3 Bd6 20. e5 Bf8 21. b3 a5 22. a4 Bb4 23. Kb2 Bxc3+ 24. Qxc3 Qg6 25. Bd3 Qh5 26. Be4 Bd5 27. Qe3 Bxe4 28. Qxe4 Qg6 29. Qxg6 hxg6 30. Rg4 Re8 31. Re4 Kf8 32. c3 Ke7 33. b4 Ke6 34. b5 Kf5 35. Rc4 Nxe5 36. Nxe5 Rxe5 37. Rxc7 Kxg5 38. Rxf7 b6 39. Rxg7 Re6 40. Rh7 Kf4 41. Kb3 Kg3 42. Kc4 Kf4 43. Kd5 Rf6 44. c4 Rf5+ 45. Kc6 Rc5+ 46. Kxb6 Rxc4 47. Kxa5 Ke5 48. b6 Rc1 49. Ka6 Rb1 50. a5 Kd6 51. Kb7 1-0


[Site "https://www.chess.com"]